 Dungeon Crawl Stone Soup version 0.24.0-37-gcf1ca852f1 (webtiles) character file.

Game seed: 12806534653166629437, levelgen mode: deterministic

802 Curus the Cudgeler (level 7, -2/57 HPs)
             Began as a Minotaur Abyssal Knight on Nov 29, 2019.
             Was a Believer of Lugonu.
             Slain by a bullfrog (5 damage)
             ... on level 5 of the Dungeon.
             The game lasted 00:17:00 (3239 turns).

Curus the Cudgeler (Minotaur Abyssal Knight)        Turns: 3239, Time: 00:17:01

Health: -2/57      AC:  8    Str: 18    XL:     7   Next: 59%
Magic:  10/10      EV:  7    Int:  9    God:    Lugonu [**....]
Gold:   224        SH:  0    Dex: 12    Spells: 6/6 levels left

rFire    . . .     SeeInvis .   i - +0 flail
rCold    . . .     Gourm    .   (no shield)
rNeg     . . .     Faith    .   l - +0 chain mail
rPois    .         Spirit   .   (helmet restricted)
rElec    .         Reflect  .   (no cloak)
rCorr    .         Harm     .   (no gloves)
MR       .....                  (no boots)
Stlth    ..........             (no amulet)
HPRegen  0.19/turn              (no ring)
MPRegen  0.12/turn              (no ring)

@: no status effects
A: retaliatory headbutt, horns 2, talons 1, strong 1, subdued magic 1
a: Depart the Abyss, Bend Space, Renounce Religion


You were on level 5 of the Dungeon.
You worshipped Lugonu.
Lugonu was pleased with you.
You were not hungry.

You visited 1 branch of the dungeon, and saw 6 of its levels.
You visited the Abyss 1 time.

You collected 224 gold pieces.

Inventory:

Hand Weapons
 a - a +2 mace
 i - a +0 flail (weapon)
Armour
 b - a +0 leather armour
 d - a +2 ring mail
 l - a +0 chain mail (worn)
Wands
 f - a wand of flame (28)
 k - a wand of scattershot (6)
 m - a wand of disintegration (19)
Scrolls
 e - 4 scrolls of remove curse
 g - 4 scrolls of teleportation
 n - a scroll of identify
Potions
 h - 2 potions of heal wounds
 j - a potion of curing
Comestibles
 c - 7 rations


   Skills:
 - Level 3.6 Fighting
 + Level 7.6 Maces & Flails
 - Level 2.4 Armour
 - Level 1.1 Dodging
 + Level 6.2 Invocations


You had 6 spell levels left.
You didn't know any spells.
Your spell library was empty.

Dungeon Overview and Level Annotations

Branches:
Dungeon (6/15)             Temple (0/1) D:4

Altars:
Kikubaaqudgha
Makhleb
Okawaru
Ru
Sif Muna
Trog
Xom
Yredelemnul


Innate Abilities, Weirdness & Mutations

You reflexively headbutt those who attack you in melee.
You have a pair of horns on your head.
You have sharp toenails.
Your muscles are strong. (Str +2)
Your spells are a little easier to cast, but a little less powerful.


Message History

The bullfrog hits you but does no damage.
You hit the bullfrog. Your kick misses the bullfrog.
The bullfrog is heavily wounded.
The hound bites you but does no damage.
The bullfrog hits you but does no damage.
The hound bites you.
* * * LOW HITPOINT WARNING * * *
The bullfrog hits you but does no damage.
You hit the bullfrog. You claw the bullfrog.
The bullfrog is severely wounded.
The hound barely misses you. The bullfrog hits you.
* * * LOW HITPOINT WARNING * * *
You closely miss the bullfrog.
The bullfrog is severely wounded.
The hound bites you.
* * * LOW HITPOINT WARNING * * *
The bullfrog hits you.
* * * LOW HITPOINT WARNING * * *
The hound barely misses you. The bullfrog hits you.
You die...

#.#########.# #.# #.# #.# #.# #.#
#.# #)# #.# ##'## #.# #.# #...#
#.# ###'### #...# #.#
#.....######...###.#### #
#....h.................
###########.....@............####
........†........F......###..# #_
###########......######## #..###.
#######..........# #..#.#.
#.............##.# ##.#.##
#.#####....(..##.###########...##
#.# ##.........................##
#.# #..........#.############..##
#.# #..........#.#...........#...


You could see a bullfrog and a hound.

Vanquished Creatures
  Sigmund (D:5)
  An ice beast (D:5)
  Blork the orc (D:4)
  A bullfrog (D:5)
  A scorpion (D:5)
  3 electric eels (D:3)
  A crimson imp (D:5)
  A hound (D:5)
  Terence (D:3)
  A worker ant (D:5)
  A hound skeleton (D:5)
  3 gnolls (D:2)
  An adder (D:2)
  A shadow imp (D:5)
  3 oozes
  2 adder skeletons
  3 worms
  2 dart slugs
  An orc (D:4)
  2 ball pythons
  2 giant cockroaches (D:2)
  9 goblins
  6 hobgoblins
  3 jackals (D:1)
  2 quokkas
  3 bats
  3 frilled lizards
  6 kobolds
  A leopard gecko skeleton (D:5)
  A quokka skeleton (D:3)
  6 rats
73 creatures vanquished.

Notes
Turn   | Place    | Note
-------+----------+-------------------------------------------
     0 | Abyss:1  | Curus the Minotaur Abyssal Knight began the quest for the
                  | Orb.
     0 | Abyss:1  | Reached XP level 1. HP: 19/19 MP: 1/1
    30 | Abyss:1  | Noticed an Executioner
    31 | D:1      | Escaped the Abyss
   181 | D:1      | Reached XP level 2. HP: 24/26 MP: 2/2
   267 | D:1      | Reached skill level 3 in Maces & Flails
   279 | D:1      | Reached * piety under Lugonu
   794 | D:2      | Found an iron altar of Okawaru.
   817 | D:2      | Reached XP level 3. HP: 26/31 MP: 4/4
  1108 | D:2      | Reached skill level 4 in Maces & Flails
  1111 | D:2      | Reached XP level 4. HP: 19/39 MP: 5/5
  1152 | D:2      | Found a shimmering altar of Xom.
  1279 | D:2      | Found a bloodstained altar of Trog.
  1281 | D:2      | Found a shimmering blue altar of Sif Muna.
  1281 | D:2      | Found an ancient bone altar of Kikubaaqudgha.
  1282 | D:2      | Found a basalt altar of Yredelemnul.
  1392 | D:3      | Noticed Terence
  1395 | D:3      | Killed Terence
  1678 | D:3      | Found a transporter.
  1694 | D:3      | Found a transporter.
  1745 | D:3      | Reached ** piety under Lugonu
  1915 | D:4      | Noticed Blork the orc
  1928 | D:4      | Killed Blork the orc
  1928 | D:4      | Reached skill level 5 in Maces & Flails
  1928 | D:4      | Reached XP level 5. HP: 36/45 MP: 5/7
  2020 | D:4      | Found a staircase to the Ecumenical Temple.
  2145 | D:3      | Reached XP level 6. HP: 27/51 MP: 8/8
  2246 | D:4      | Found a sacrificial altar of Ru.
  2362 | D:5      | Entered Level 5 of the Dungeon
  2472 | D:5      | Gained mutation: Your spells are a little easier to cast,
                  | but a little less powerful. [potion of mutation]
  2472 | D:5      | Gained mutation: You have sharp toenails. [potion of
                  | mutation]
  2472 | D:5      | Gained mutation: Your muscles are strong. (Str +2) [potion
                  | of mutation]
  2511 | D:5      | Reached skill level 6 in Maces & Flails
  2518 | D:5      | Noticed an ice beast
  2526 | D:5      | Killed an ice beast
  2526 | D:5      | Reached skill level 5 in Invocations
  2680 | D:5      | Noticed Sigmund
  2689 | D:5      | Killed Sigmund
  2689 | D:5      | Reached skill level 7 in Maces & Flails
  2689 | D:5      | Reached XP level 7. HP: 50/57 MP: 10/10
  2830 | D:5      | Found a shimmering altar of Xom.
  2830 | D:5      | Found a burning altar of Makhleb.
  3239 | D:5      | Slain by a bullfrog

Levels and vault maps discovered:
D:1:      sevenhm_arrival_forest_fort_small_5, layout_basic
D:2:      layout_basic, okawaru_trees_1, minitemple, xom_teletrap_fun
D:3:      gammafunk_steamed_eel, layout_basic, grunt_decor_arrowhead,
          item_on_display_a, uniq_terence
D:4:      layout_rooms, minmay_temple_entry_arrows,
          nicolae_ru_sacrificial_ziggurat, uniq_blork_the_orc
D:5:      layout_basic, grunt_temple_overflow_champion_of_chaos, first_ration,
          uniq_sigmund
D:6:      layout_gridville, nicolae_overflow_hidden_temple, uniq_eustachio,
          uniq_edmund

Skill      XL: |  1  2  3  4  5  6  7 |
---------------+----------------------+-----
Invocations    | 2 3 4 5 6 |  6.2
Maces & Flails | 3 4 5 7 |  7.6
Fighting       | |  3.6
Armour         | |  2.4
Dodging        | |  1.1

Action                   |  1- 3 |  4- 6 |  7- 9 || total
-------------------------+-------+-------+-------++-------
Melee: Mace              |    77 |     1 |       ||    78
       Headbutt          |     7 |    12 |     8 ||    27
       Flail             |       |    62 |    40 ||   102
       Kick              |       |     5 |    13 ||    18
Invok: Depart the Abyss  |     1 |       |       ||     1
Evoke: Wand              |       |     3 |       ||     3
  Use: Scroll            |     3 |     6 |     1 ||    10
       Potion            |       |     7 |     1 ||     8
  Eat: Chunk             |       |     4 |       ||     4
       Ration            |       |     1 |       ||     1
Armor: Ring mail         |    34 |     7 |       ||    41
       Leather armour    |     1 |       |       ||     1
       Chain mail        |       |    13 |    24 ||    37
Dodge: Dodged            |    47 |    13 |    18 ||    78
